 Dungeon Crawl Stone Soup version 0.29-a0-925-g0a7a3d12f8 (webtiles) character file.

Game seed: 4811810600011859865

48 hbarley the Chopper (level 3, -1/28 HPs)
             Began as a Gnoll Wanderer on July 28, 2022.
             Killed from afar by Sigmund (8 damage)
             ... with a magic dart
             ... on level 2 of the Dungeon.
             The game lasted 00:07:01 (1260 turns).

hbarley the Chopper (Gnoll Wanderer)                Turns: 1260, Time: 00:07:02

Health: -1/28      AC: 10    Str: 10    XL:     3   Next: 72%
Magic:  7/7        EV:  5    Int: 11    God:
Gold:   68         SH:  0    Dex: 14    Spells: 6/7 levels left

rFire   + . .      SeeInvis .   a - +2 hand axe
rCold   + . .      Faith    .   (no shield)
rNeg    . . .      Spirit   .   i - +0 chain mail
rPois   .          Reflect  .   b - +0 helmet
rElec   .          Harm     .   r - scarf {rC+ rF+}
rCorr   .          Rampage  .   (no gloves)
Will    .....                   (no boots)
Stlth   ..........              (no amulet)
HPRegen 0.09/turn               (no ring)
MPRegen 0.10/turn               (no ring)

@: no status effects
A: fangs 1, strong nose, distributed training
a: no special abilities


You were on level 2 of the Dungeon.
You visited 1 branch of the dungeon, and saw 2 of its levels.

You collected 68 gold pieces.

Inventory:

Hand Weapons
 a - a +2 hand axe (weapon)
Armour
 b - a +0 helmet (worn)
 d - a +0 robe
 e - a +0 leather armour
 f - a +0 ring mail
 i - a +0 chain mail (worn)
 r - a scarf of resistance (worn)
Magical Staves
 g - a staff of earth
Scrolls
 c - 5 scrolls of teleportation
 k - a scroll of poison {unknown}
 l - 3 scrolls of brand weapon {unknown}
 m - a scroll of noise {unknown}
 o - a scroll of fear {unknown}
 q - a scroll of identify {unknown}
Potions
 h - 2 potions of flight {unknown}
 j - a potion of degeneration {unknown}
 n - a potion of heal wounds {unknown}
 p - a potion of curing {unknown}


   Skills:
 + Level 2.6 Fighting
 + Level 1.0 Short Blades
 + Level 1.0 Long Blades
 + Level 6.5 Axes
 + Level 1.0 Maces & Flails
 + Level 1.0 Polearms
 + Level 1.0 Staves
 + Level 1.0 Ranged Weapons
 + Level 1.0 Throwing
 + Level 4.6 Armour
 + Level 2.6 Dodging
 + Level 1.0 Stealth
 + Level 1.0 Shields
 + Level 1.0 Unarmed Combat
 + Level 2.9 Spellcasting
 + Level 0.7 Conjurations
 + Level 0.7 Hexes
 + Level 0.7 Summonings
 + Level 0.7 Necromancy
 + Level 0.7 Translocations
 + Level 0.7 Transmutations
 + Level 3.8 Fire Magic
 + Level 0.7 Ice Magic
 + Level 0.7 Air Magic
 + Level 0.7 Earth Magic
 + Level 0.7 Poison Magic
 + Level 1.0 Invocations
 + Level 1.0 Evocations


You had 6 spell levels left.
You knew the following spells:

 Your Spells              Type           Power      Damage    Failure   Level
a - Foxfire               Conj/Fire      24%        2x1d5     99%         1

Your spell library contained the following spells:

 Spells                   Type           Power      Damage    Failure   Level
 Conjure Flame            Conj/Fire      6%         6-21      100%        3


Dungeon Overview and Level Annotations

Branches:
Dungeon (2/15)

Altars:

Annotations:
D:2 Sigmund


Innate Abilities, Weirdness & Mutations

You have very sharp teeth.
Your uncanny sense of smell can sniff out nearby items.
Your experience applies equally to all skills.


Message History

A bat is nearby!
A bat is nearby!
A bat is nearby!
A bat is nearby!
A bat is nearby!
A bat is nearby!
A bat is nearby!
You're too confused to move!
The bat hits you but does no damage. The bat hits you but does no damage.
The bat barely misses you.
You miss the bat. The bat hits you but does no damage.
You barely miss the bat.
You feel less confused. The bat hits you but does no damage.
Something hits you! Something freezes you.
You closely miss the bat. The bat hits you but does no damage.
A bat is nearby!
A bat is nearby!
A bat is nearby!
A bat is nearby!
A bat is nearby!
A bat is nearby!
A bat is nearby!
A bat is nearby!
A bat is nearby!
Something hits you. The bat hits you but does no damage. Something hits you.
Something freezes you.
You hit the bat.
You kill the bat!
Something hits you.
You see here a bat corpse.
Something hits you.
* * * LOW HITPOINT WARNING * * *
Something freezes you.
* * * LOW HITPOINT WARNING * * *
You start resting.
Something completely misses you.
You miss something. Your bite misses something.
You hear some strange, mumbled words.
A magic dart appears from out of thin air!
The magic dart hits you!
You die...

#....# ####### #....#
#.....# #....# #.....#
#....# #.....##########
##....# #..............#
.#....# #..............#
.#....####......†.......#
.'....'..'.......{......#
.#....####......@.......#
..............#.........#
############..#.........#
........................'
############............#
#)#.....###### #.#.#....
######## #.#.#.#.##
#......# #.#.†.#.#


There were no monsters in sight!

Vanquished Creatures
  2 adders (D:2)
  2 dart slugs
  6 bats
  3 endoplasms (D:1)
  A giant cockroach (D:1)
  2 goblins (D:2)
  3 hobgoblins
  3 ball pythons (D:1)
  3 rats
25 creatures vanquished.

Vanquished Creatures (others)
  11 plants (D:1)
11 creatures vanquished.

Grand Total: 36 creatures vanquished

Notes
Turn   | Place    | Note
-------+----------+-------------------------------------------
     0 | D:1      | hbarley the Gnoll Wanderer began the quest for the Orb.
     0 | D:1      | hbarley set off with the following items: a +2 hand axe, a
                  | +0 helmet, a scroll of teleportation, a +0 robe; and the
                  | following spell memorised: Foxfire; and the following
                  | spells available to memorise: Conjure Flame.
     0 | D:1      | Reached XP level 1. HP: 17/17 MP: 4/4
   258 | D:1      | Reached XP level 2. HP: 15/23 MP: 5/5
   591 | D:1      | Found a faded altar of an unknown god.
  1018 | D:2      | Reached XP level 3. HP: 22/28 MP: 7/7
  1022 | D:2      | Reached skill level 1 in Invocations
  1119 | D:2      | Reached skill level 1 in Short Blades
  1119 | D:2      | Reached skill level 1 in Long Blades
  1119 | D:2      | Reached skill level 1 in Maces & Flails
  1119 | D:2      | Reached skill level 1 in Polearms
  1119 | D:2      | Reached skill level 1 in Staves
  1119 | D:2      | Reached skill level 1 in Ranged Weapons
  1119 | D:2      | Reached skill level 1 in Throwing
  1119 | D:2      | Reached skill level 1 in Stealth
  1119 | D:2      | Reached skill level 1 in Shields
  1119 | D:2      | Reached skill level 1 in Unarmed Combat
  1119 | D:2      | Reached skill level 1 in Evocations
  1243 | D:2      | Noticed Sigmund
  1260 | D:2      | Killed from afar by Sigmund

Illustrated notes

Levels and vault maps discovered:
D:1:      minmay_arrival_doors, layout_basic,
          ebering_ecumenical_altar_petrified, serial_bayou,
          serial_bayou_lagoon_a, serial_bayou_lake_a, serial_bayou_pond_c,
          serial_bayou_crossing
D:2:      layout_basic, uniq_sigmund, uniq_robin

Skill      XL: |  1  2  3 |
---------------+----------+-----
Invocations    | 1 |  1.0
Short Blades   | 1 |  1.0
Long Blades    | 1 |  1.0
Maces & Flails | 1 |  1.0
Polearms       | 1 |  1.0
Staves         | 1 |  1.0
Ranged Weapons | 1 |  1.0
Throwing       | 1 |  1.0
Stealth        | 1 |  1.0
Shields        | 1 |  1.0
Unarmed Combat | 1 |  1.0
Evocations     | 1 |  1.0
Fighting       | |  2.6
Axes           | |  6.5
Armour         | |  4.6
Dodging        | |  2.6
Spellcasting   | |  2.9
Conjurations   | |  0.7
Hexes          | |  0.7
Summonings     | |  0.7
Necromancy     | |  0.7
Translocations | |  0.7
Transmutations | |  0.7
Fire Magic     | |  3.8
Ice Magic      | |  0.7
Air Magic      | |  0.7
Earth Magic    | |  0.7
Poison Magic   | |  0.7

Action                   || total
-------------------------++-------
Melee: Hand axe          ||    69
       Bite              ||     6
Armor: Chain mail        ||    48
       Ring mail         ||     2
Dodge: Dodged            ||    24

Table legend: (Time is in decaauts)
 A = Elapsed time spent in this place.
 B = Non-inter-level travel time spent in this place.
 C = Inter-level travel time spent in this place.
 D = Time resting spent in this place.
 E = Time spent auto-exploring this place.
 F = Levels seen in this place.
 G = Mean time per level.
                   A        B        C        D        E       F      G
               +--------+--------+--------+--------+--------+-----+--------+
         Total |   1280 |    392 |    888 |    161 |      0 |   2 |  640.0 |
       Dungeon |   1280 |    392 |    888 |    161 |      0 |   2 |  640.0 |
               +--------+--------+--------+--------+--------+-----+--------+

Top non-repeatable levels by time:
     D:1: 964 daAuts
     D:2: 315 daAuts
